 Dungeon Crawl Stone Soup version 0.31-a0-165-g3f4f80340b (webtiles) character file.

Game seed: 15679117287846319040

4739 qw the Cleaver (level 10, -9/65 HPs)
             Began as a Gargoyle Fighter on June 13, 2023.
             Mangled by a boulder beetle (14 damage)
             ... on level 6 of the Dungeon.
             The game lasted 00:03:46 (6423 turns).

qw the Cleaver (Gargoyle Fighter)                   Turns: 6423, Time: 00:03:47

Health: -9/65      AC: 22    Str: 24    XL:     10   Next: 46%
Magic:  10/10      EV:  9    Int:  9    God:
Gold:   350        SH:  5    Dex: 13    Spells: 9/9 levels left

rFire   . . .        b - +4 broad axe "Paroguga" {speed, Dex+4}
rCold   . . .        c - +0 buckler
rNeg    + . .        a - +0 chain mail
rPois   inf          p - +0 helmet
rElec   +            f - scarf {repulsion}
rCorr   .            h - +2 pair of gloves
SInv    .            (no boots)
Will    .....        (no amulet) Stlth
                     (no ring)
HPRegen 0.30/turn    (no ring)
MPRegen 0.12/turn

%: repel missiles
@: about to teleport, weakened
A: sickness immunity, AC +7, negative energy resistance 1, electricity
resistance, torment resistance 1, petrification resistance
a: no special abilities


You were on level 6 of the Dungeon.
You visited 1 branch of the dungeon, and saw 7 of its levels.
You also visited: Sewer.

You collected 350 gold pieces.


Innate Abilities, Weirdness & Mutations

You are immune to sickness and miasma.
Your stone body is resilient. (AC +7)
You are immune to poison.
You resist negative energy. (rN+)
You are resistant to electric shocks. (rElec)
You are resistant to unholy torment.
You are immune to petrification.


   Skills:
 - Level 8.4 Fighting
 + Level 10.5 Axes
 - Level 1.0 Throwing
 - Level 6.4 Armour
 - Level 2.0 Dodging
 - Level 5.1 Shields


You had 9 spell levels left.
You didn't know any spells.
Your spell library was empty.

Inventory:

Hand Weapons
 b - the +4 broad axe "Paroguga" (weapon) {speed, Dex+4}
   (You acquired it on level 2 of the Dungeon)

   Dex:       It affects your dexterity (+4).
 i - a +0 flail
 l - a +0 war axe
 r - the +8 flail "Iskoy" {freeze, rPois rF- Int+3}
   (You found it on level 7 of the Dungeon)

   Int:       It affects your intelligence (+3).
   rF:        It makes you vulnerable to fire.
   rPois:     It protects you from poison.
Armour
 a - a +0 chain mail (worn)
 c - a +0 buckler (worn)
 f - a scarf of repulsion (worn)
 h - a +2 pair of gloves (worn)
 k - a +0 cloak
 p - a +0 helmet (worn)
Scrolls
 j - a scroll of teleportation
 n - a scroll of identify
 o - 2 scrolls of enchant weapon
Potions
 d - 3 potions of might
 e - a potion of mutation
 g - a potion of curing
 m - a potion of haste {unknown}
 q - a potion of attraction {unknown}

Dungeon Overview and Level Annotations

Branches:
Dungeon (7/15)              Sewer (visited)
 Temple: D:4-7

Altars:
Ashenzari
Fedhas
Hepliaklqana
Qazlal
Uskayaw
Xom

Shops:
D:1 ?=:   D:2 [   D:3 *   D:5 (

Annotations:
D:4 1 runed translucent door, qw's ghost, amateur GrHu
D:6 exclusion: 2 iron imps


Message History

You hit the boulder beetle but do no damage.
The boulder beetle is lightly wounded.
You miss the phantom. The boulder beetle closely misses you.
The phantom hits you but does no damage.
You hit the gnoll bouda.
The gnoll bouda is heavily wounded.
You barely miss the boulder beetle. You barely miss the phantom.
You slice the orc warrior!! You hit the orc warrior.
The orc warrior is almost dead.
You hit the gnoll bouda. You barely miss the boulder beetle.
You slash the phantom!
The gnoll bouda gazes fiercely through you!
You feel your attacks grow feeble. The gnoll bouda misses you.
You block the boulder beetle's attack. The phantom barely misses you.
The orc warrior completely misses you.
You closely miss the orc warrior.
The orc warrior is almost dead.
You hit the boulder beetle but do no damage.
You slash the phantom! You hit the gnoll bouda.
You kill the gnoll bouda!
The phantom hits you but does no damage.
The boulder beetle bites you but does no damage.
You slash the orc warrior!
You kill the orc warrior!
You closely miss the phantom.
You hit the boulder beetle but do no damage.
The phantom completely misses you. The boulder beetle bites you.
You slash the phantom!
You destroy the phantom!
You hit the boulder beetle but do no damage.
You slash the boulder beetle!
The boulder beetle is moderately wounded.
The boulder beetle bites you!
6423 ||| READING 2 scrolls of teleportation.
As you read the scroll of teleportation, it crumbles to dust.
You feel strangely unstable. The boulder beetle bites you!
You die...

# #...#~>_~#..# # .#...#~~~~'..#
# #########'#...######..#
#.......(.#...........#
#.........#............
#.........#..........##
#.........#.#..##.#.## ######
+.........#.#...#.#.### %....#
#....B@)..#.##......... #..}.#
#......)..#.##....#.### #.}..#
#.........#.##......#.. #....#
#.........#...........#
####)##############[#............
#...(.....#P.P.P....#.#.#........
#.........#.........#.......#....
#.........#.........#............
#.........'.P.P.P.P.#............


You could see a boulder beetle.

Vanquished Creatures
  A two-headed ogre (D:6)
  A cyclops (D:6)
  Maggie (D:6)
  A kobold demonologist (D:6)
  Grinder (D:4)
  Menkaure (D:6)
  An acid dragon (D:6)
  Duvessa (D:6)
  An orc warrior (D:6)
  2 ice beasts
  A black bear (D:6)
  3 ogres (D:6)
  A centaur (D:5)
  A phantom (D:6)
  9 kobold brigands
  A bullfrog (D:6)
  3 scorpions (D:6)
  4 wights (D:6)
  Dowan (D:6)
  2 howler monkeys (D:6)
  2 hounds
  A jelly (D:6)
  An orc priest (D:5)
  Ijyb (D:4)
  2 gnoll boudas (D:6)
  2 sleepcaps (D:4)
  Terence (D:2)
  4 iguanas
  Natasha (thrice) (D:4)
  6 gnolls
  3 river rats (Sewer)
  8 adders
  5 shadow imps (D:5)
  5 white imps (D:5)
  2 ufetubi
  4 worms
  17 orcs
  9 ball pythons
  11 endoplasms
  6 giant cockroaches
  4 goblins
  3 hobgoblins
  9 quokkas
  14 bats
  A frilled lizard (D:3)
  17 kobolds
  5 rats
183 creatures vanquished.

Notes
Turn   | Place    | Note
-------+----------+-------------------------------------------
     0 | D:1      | qw the Gargoyle Fighter began the quest for the Orb.
     0 | D:1      | Reached XP level 1. HP: 14/14 MP: 1/1
     0 | D:1      | 0 ||| qw: Version: 0.2-a-29-gc1b59c4
     0 | D:1      | 0 ||| qw: Game counter: 4738
     0 | D:1      | 0 ||| qw: Always use a shield: true
     0 | D:1      | 0 ||| qw: God list: Okawaru
     0 | D:1      | 0 ||| qw: Allow faded altars: false
     0 | D:1      | 0 ||| qw: Do Orc after D:15 true
     0 | D:1      | 0 ||| qw: Do second Lair branch before Depths: true
     0 | D:1      | 0 ||| qw: Lair rune preference: random
     0 | D:1      | 0 ||| qw: Plans: Normal, Zot:1-4, Slime:5, God:TSO, Crypt,
                  | Tomb, Abyss, Pan, Hells, Win
     0 | D:1      | 0 ||| PLANNING D:1-11
    45 | D:1      | Reached skill level 2 in Axes
    77 | D:1      | Reached XP level 2. HP: 19/19 MP: 2/2
   121 | D:1      | Found Ycleeton's Jewellery Shoppe.
   133 | D:1      | 133 ||| SHOPLISTING +4 ring of slaying (936 gold, have 7).
   133 | D:1      | 133 ||| SHOPLISTING +6 ring of strength (432 gold, have 7).
   133 | D:1      | 133 ||| SHOPLISTING amulet of faith (480 gold, have 7).
   198 | D:1      | Found Kietseh's Book Shop.
   202 | D:1      | 202 ||| Stepping ~*~*~tactically~*~*~ (stealth).
   204 | D:1      | 204 ||| Stepping ~*~*~tactically~*~*~ (stealth).
   215 | D:1      | 215 ||| UPGRADING to scarf of repulsion.
   369 | D:1      | Found Picvekue's Magic Scroll Shoppe.
   376 | D:1      | 376 ||| SHOPLISTING scroll of acquirement (572 gold, have
                  | 10).
   376 | D:1      | 376 ||| SHOPLISTING scroll of identify (22 gold, have 10).
   376 | D:1      | 376 ||| SHOPLISTING scroll of teleportation (33 gold, have
                  | 10).
   389 | D:1      | Reached skill level 3 in Axes
   458 | D:1      | Reached XP level 3. HP: 23/23 MP: 3/3
   643 | D:1      | 643 ||| READING scroll labelled JOUCZA RYUS.
   646 | D:1      | 646 ||| READING scroll labelled CIKORH TOAMEI.
   647 | D:1      | 647 ||| READING scroll labelled XETRUYFODA.
   648 | D:1      | 648 ||| READING scroll labelled HYXTIUM JONOAP.
   649 | D:1      | 649 ||| READING scroll labelled NINLUK ARGHONIG.
   670 | D:2      | 670 ||| STAIRDANCE
   687 | D:2      | Noticed Terence
   699 | D:2      | Killed Terence
   833 | D:2      | 833 ||| Stepping ~*~*~tactically~*~*~ (stealth).
   838 | D:2      | Reached XP level 4. HP: 28/28 MP: 4/4
   873 | D:2      | 873 ||| Stepping ~*~*~tactically~*~*~ (stealth).
   874 | D:2      | 874 ||| DROPPING +0 mace.
   875 | D:2      | 875 ||| Stepping ~*~*~tactically~*~*~ (stealth).
   876 | D:2      | 876 ||| Stepping ~*~*~tactically~*~*~ (stealth).
  1029 | D:2      | 1029 ||| Stepping ~*~*~tactically~*~*~ (hiding).
  1034 | D:2      | Reached skill level 4 in Axes
  1332 | D:2      | Found Livaor's Armour Shoppe.
  1336 | D:2      | 1336 ||| SHOPLISTING +0 pair of gloves "Nokuylue" {rN++}
                  | (308 gold, have 62).
  1336 | D:2      | 1336 ||| SHOPLISTING +1 helmet of see invisible (231 gold,
                  | have 62).
  1336 | D:2      | 1336 ||| SHOPLISTING +3 warlock's mirror {omnireflect} (560
                  | gold, have 62).
  1728 | D:2      | 1728 ||| UPGRADING to +0 chain mail.
  1738 | D:2      | 1738 ||| DROPPING +0 scale mail.
  1739 | D:2      | 1739 ||| UPGRADING to +0 pair of gloves.
  1744 | D:2      | 1744 ||| READING scroll labelled ZETOJE OSSEN.
  1744 | D:2      | Identified a scroll of acquirement
  1744 | D:2      | 1744 ||| ACQUIRING +4 broad axe "Paroguga" {speed, Dex+4}
  1744 | D:2      | Acquired the +4 broad axe "Paroguga" {speed, Dex+4}
  1746 | D:2      | 1746 ||| SWAPPING to +4 broad axe "Paroguga" {speed,
                  | Dex+4}.
  1747 | D:2      | 1747 ||| READING scroll labelled FUOKUTZU MIQUD.
  1748 | D:2      | 1748 ||| READING scroll labelled USKAC ASMUAMO.
  1879 | D:3      | 1879 ||| Stepping ~*~*~tactically~*~*~ (stealth).
  1934 | D:3      | Reached skill level 1 in Dodging
  1973 | D:3      | 1973 ||| Stepping ~*~*~tactically~*~*~ (stealth).
  1976 | D:3      | 1976 ||| Stepping ~*~*~tactically~*~*~ (stealth).
  1988 | D:3      | Found Efyurol's General Store.
  1997 | D:3      | 1997 ||| SHOPLISTING potion of haste (140 gold, have 83).
  2052 | D:3      | Reached XP level 5. HP: 32/32 MP: 5/5
  2150 | D:3      | Found a hide-covered altar of Uskayaw.
  2287 | D:3      | 2287 ||| READING scroll labelled FYFFAY ZALA.
  2288 | D:3      | 2288 ||| READING scroll labelled ZIQ IVUFEE.
  2289 | D:3      | 2289 ||| DRINKING 2 bubbling cyan potions.
  2419 | D:4      | Reached skill level 5 in Axes
  2508 | D:4      | Noticed Grinder
  2508 | D:4      | Paralysed by Grinder for 4 turns
  2526 | D:4      | HP: 7/32 [Grinder (7)]
  2527 | D:4      | 2527 ||| READING 2 scrolls of teleportation.
  2531 | D:4      | HP: 6/32 [Grinder (1)]
  2532 | D:4      | Found a runed translucent door.
  2532 | D:4      | Noticed qw's ghost (amateur GrHu)
  2677 | D:4      | Paralysed by Grinder for 5 turns
  2689 | D:4      | Reached XP level 6. HP: 28/38 MP: 6/6
  2690 | D:4      | Killed Grinder
  2884 | D:4      | Reached XP level 7. HP: 45/45 MP: 7/7
  2991 | D:4      | Noticed Ijyb
  3005 | D:4      | Killed Ijyb
  3094 | D:4      | Found a hazy altar of Hepliaklqana.
  3094 | D:4      | Noticed Natasha
  3096 | D:4      | Killed Natasha
  3237 | D:4      | Found a broken altar of Ashenzari.
  3245 | D:4      | Noticed Natasha
  3246 | D:4      | 3246 ||| Stepping ~*~*~tactically~*~*~ (stealth).
  3247 | D:4      | 3247 ||| Stepping ~*~*~tactically~*~*~ (stealth).
  3248 | D:4      | 3248 ||| Stepping ~*~*~tactically~*~*~ (stealth).
  3336 | D:4      | Killed Natasha
  3425 | D:4      | Noticed Natasha
  3426 | D:4      | 3426 ||| Stepping ~*~*~tactically~*~*~ (stealth).
  3428 | D:4      | 3428 ||| Stepping ~*~*~tactically~*~*~ (hiding).
  3435 | D:4      | Killed Natasha
  3578 | D:5      | Entered Level 5 of the Dungeon
  3630 | D:5      | 3630 ||| Stepping ~*~*~tactically~*~*~ (hiding).
  3638 | D:5      | Reached skill level 6 in Axes
  3657 | D:5      | 3657 ||| Stepping ~*~*~tactically~*~*~ (hiding).
  3669 | D:5      | 3669 ||| Stepping ~*~*~tactically~*~*~ (stealth).
  3671 | D:5      | 3671 ||| Stepping ~*~*~tactically~*~*~ (hiding).
  3679 | D:5      | 3679 ||| Stepping ~*~*~tactically~*~*~ (stealth).
  3682 | D:5      | 3682 ||| Stepping ~*~*~tactically~*~*~ (stealth).
  3718 | D:5      | 3718 ||| Stepping ~*~*~tactically~*~*~ (hiding).
  3722 | D:5      | 3722 ||| Stepping ~*~*~tactically~*~*~ (hiding).
  3829 | D:5      | 3829 ||| Stepping ~*~*~tactically~*~*~ (stealth).
  3831 | D:5      | 3831 ||| Stepping ~*~*~tactically~*~*~ (stealth).
  3833 | D:5      | 3833 ||| Stepping ~*~*~tactically~*~*~ (hiding).
  3834 | D:5      | 3834 ||| Stepping ~*~*~tactically~*~*~ (hiding).
  3836 | D:5      | 3836 ||| Stepping ~*~*~tactically~*~*~ (hiding).
  3837 | D:5      | 3837 ||| Stepping ~*~*~tactically~*~*~ (hiding).
  4039 | D:5      | Reached skill level 7 in Axes
  4039 | D:5      | Reached XP level 8. HP: 51/51 MP: 8/8
  4144 | D:5      | 4144 ||| Stepping ~*~*~tactically~*~*~ (hiding).
  4200 | D:5      | Found Pifrubur's Antique Weapon Emporium.
  4286 | D:5      | Reached skill level 1 in Throwing
  4351 | D:5      | 4351 ||| READING 3 scrolls labelled BUDURU JAOLURI.
  4352 | D:5      | 4352 ||| READING scroll labelled ACRIUMU SUROL.
  4353 | D:5      | 4353 ||| DRINKING 2 pink potions.
  4354 | D:5      | 4354 ||| READING 2 scrolls of identify.
  4354 | D:5      | 4354 ||| IDENTIFYING murky dark potion
  4355 | D:5      | 4355 ||| DROPPING 2 scrolls of fog.
  4368 | D:6      | 4368 ||| PLANNING SEWER
  4387 | D:6      | 4387 ||| READING scroll of enchant armour.
  4387 | D:6      | 4387 ||| ENCHANTING +0 pair of gloves.
  4408 | D:6      | Found a stormy altar of Qazlal.
  4412 | D:6      | Noticed Menkaure
  4414 | D:6      | 4414 ||| Stepping ~*~*~tactically~*~*~ (hiding).
  4415 | D:6      | 4415 ||| Stepping ~*~*~tactically~*~*~ (hiding).
  4420 | D:6      | Killed Menkaure
  4421 | D:6      | Reached skill level 8 in Axes
  4424 | D:6      | Reached skill level 6 in Fighting
  4555 | D:6      | 4555 ||| Stepping ~*~*~tactically~*~*~ (water).
  4559 | D:6      | 4559 ||| Stepping ~*~*~tactically~*~*~ (water).
  4586 | D:6      | Found a glowing drain.
  4617 | Sewer    | Entered a sewer
  4720 | Sewer    | 4720 ||| Stepping ~*~*~tactically~*~*~ (water).
  4724 | Sewer    | 4724 ||| Stepping ~*~*~tactically~*~*~ (water).
  4726 | Sewer    | 4726 ||| Stepping ~*~*~tactically~*~*~ (water).
  4746 | Sewer    | 4746 ||| Stepping ~*~*~tactically~*~*~ (hiding).
  4853 | Sewer    | 4853 ||| Stepping ~*~*~tactically~*~*~ (water).
  4936 | Sewer    | Reached XP level 9. HP: 53/55 MP: 9/9
  4940 | Sewer    | Reached skill level 9 in Axes
  5260 | Sewer    | 5260 ||| READING scroll of enchant armour.
  5260 | Sewer    | 5260 ||| ENCHANTING +1 pair of gloves.
  5286 | D:6      | 5286 ||| PLANNING D:1-11
  5431 | D:6      | Noticed Dowan
  5437 | D:6      | Noticed Duvessa
  5439 | D:6      | Killed Dowan
  5447 | D:6      | Killed Duvessa
  5583 | D:6      | 5583 ||| Stepping ~*~*~tactically~*~*~ (hiding).
  5584 | D:6      | 5584 ||| Stepping ~*~*~tactically~*~*~ (hiding).
  5585 | D:6      | 5585 ||| Stepping ~*~*~tactically~*~*~ (hiding).
  5731 | D:6      | Found a blossoming altar of Fedhas.
  6000 | D:6      | Noticed Maggie
  6001 | D:6      | 6001 ||| Stepping ~*~*~tactically~*~*~ (hiding).
  6002 | D:6      | 6002 ||| Stepping ~*~*~tactically~*~*~ (hiding).
  6003 | D:6      | 6003 ||| Stepping ~*~*~tactically~*~*~ (hiding).
  6004 | D:6      | 6004 ||| Stepping ~*~*~tactically~*~*~ (hiding).
  6005 | D:6      | 6005 ||| Stepping ~*~*~tactically~*~*~ (hiding).
  6009 | D:6      | 6009 ||| DRINKING potion of cancellation.
  6023 | D:6      | Killed Maggie
  6024 | D:6      | Reached skill level 10 in Axes
  6031 | D:6      | 6031 ||| UPGRADING to +0 helmet.
  6078 | D:6      | 6078 ||| FLEEEEING.
  6145 | D:6      | Found a shimmering altar of Xom.
  6203 | D:7      | 6203 ||| Stepping ~*~*~tactically~*~*~ (stealth).
  6237 | D:7      | Identified the +8 flail "Iskoy" {freeze, rPois rF- Int+3}
  6296 | D:6      | Noticed a cyclops
  6316 | D:6      | Killed a cyclops
  6317 | D:6      | Reached skill level 6 in Armour
  6317 | D:6      | Reached XP level 10. HP: 57/63 MP: 10/10
  6354 | D:6      | 6354 ||| Stepping ~*~*~tactically~*~*~ (stealth).
  6355 | D:6      | Noticed a kobold demonologist
  6355 | D:6      | Noticed a boulder beetle
  6355 | D:6      | Noticed a two-headed ogre
  6356 | D:6      | 6356 ||| Stepping ~*~*~tactically~*~*~ (hiding).
  6375 | D:6      | Killed a two-headed ogre
  6394 | D:6      | Killed a kobold demonologist
  6422 | D:6      | HP: 5/65 [boulder beetle (13)]
  6423 | D:6      | 6423 ||| READING 2 scrolls of teleportation.
  6423 | D:6      | Mangled by a boulder beetle

Levels and vault maps discovered:
D:1:      denvon_arrival_planthouse, layout_rooms, serial_shops,
          nicolae_book_shop_shelving, nicolae_shop_gaudy_bauble, shop,
          nrook_mini_backslash
D:2:      layout_basic, serial_shops, nicolae_shop_back_alley_shop, uniq_terence
D:3:      layout_basic, amcnicky_altar_gilded, serial_shops,
          nicolae_shop_behind_doors
D:4:      layout_basic, kennysheep_little_box, ashenzari_conservatory_becter,
          gammafunk_ghost_grave, lemuel_flame_loot_1, uniq_natasha, uniq_ijyb,
          uniq_grinder
D:5:      layout_gridville, serial_demonic, serial_demonic_d, serial_demonic_g,
          serial_demonic_g, serial_demonic_f, serial_demonic_g,
          serial_demonic_b, serial_demonic_c, serial_demonic_g, serial_shops,
          nicolae_shop_behind_doors
D:6:      minmay_klotski, layout_basic, general_overflow_altar,
          mainiacjoe_overflow_surrounded_room, demons_altar,
          grunt_qazlal_clouds, gup_sewer_entry_pipe, uniq_duvessa,
          uniq_menkaure, uniq_maggie
D:7:      layout_loops_ring, nicolae_kikubaaqudgha_miasma_corner,
          kennysheep_slug_shrine, temple_fountains, serial_shops,
          nicolae_shop_tiny_glass, chequers_arboretum, uniq_joseph

Skill      XL: |  1  2  3  4  5  6  7  8  9 10 |
---------------+-------------------------------+-----
Axes           | 2 3 4 5 7 8 10 | 10.5
Dodging        | 1 2 |  2.0
Fighting       | 5 6 7 8 |  8.4
Throwing       | 1 |  1.0
Armour         | 4 6 |  6.4
Shields        | 4 5 |  5.1

Action                     |  1- 3 |  4- 6 |  7- 9 | 10-12 || total
---------------------------+-------+-------+-------+-------++-------
  Melee: War axe           |    74 |    11 |       |       ||    85
         Broad axe         |       |    74 |   300 |    64 ||   438
  Throw: Boomerang         |       |    23 |    57 |       ||    80
    Use: Scroll            |     5 |     6 |     5 |     1 ||    17
         Potion            |       |     1 |     2 |       ||     3
 Armour: Scale mail        |    38 |     4 |       |       ||    42
         Chain mail        |       |    24 |   102 |    14 ||   140
  Dodge: Dodged            |    28 |    20 |    64 |    20 ||   132
         Repelled          |       |       |     1 |       ||     1
  Block: Buckler           |    14 |    10 |    37 |     7 ||    68

Table legend:
 A = Non-vault XP
 B = Vault XP
 C = Vault XP percentage of total XP
 D = Non-vault monster count
 E = Vault monster count
 F = Vault count percentage of total count
                 A         B        C        D         E       F
            +---------+---------+-------+---------+---------+-------
      Total |    2049 |    4722 |  69.7 |     114 |      69 |  37.7
            +---------+---------+-------+---------+---------+-------
        D:1 |      41 |       0 |   0.0 |      25 |       0 |   0.0
        D:2 |      23 |      36 |  61.0 |      12 |       1 |   7.7
        D:3 |      70 |       0 |   0.0 |      17 |       0 |   0.0
        D:4 |     294 |     355 |  54.7 |      18 |       3 |  14.3
        D:5 |     459 |     112 |  19.6 |      17 |      11 |  39.3
        D:6 |    1147 |    3343 |  74.5 |      20 |      26 |  56.5
        D:7 |      15 |       0 |   0.0 |       5 |       0 |   0.0
      Sewer |       0 |     876 | 100.0 |       0 |      28 | 100.0
            +---------+---------+-------+---------+---------+-------
